 Dungeon Crawl Stone Soup version 0.28.0-55-gcd9437bce4 (webtiles) character file.

Game seed: 7490750660411511001

4762 promet the Unseen (level 10, -11/65 HPs)
             Began as an Octopode Brigand on May 12, 2022.
             Was a Follower of Dithmenos.
             Mangled by a troll (16 damage)
             ... on level 9 of the Dungeon on Jan 9, 2023.
             The game lasted 00:58:11 (10396 turns).

promet the Unseen (Octopode Brigand)               Turns: 10396, Time: 00:58:13

Health: -11/65     AC:  1    Str: 11    XL:     10   Next: 47%
Magic:  10/11      EV: 14    Int: 16    God:    Dithmenos [*.....]
Gold:   520        SH:  8    Dex: 21    Spells: 10/11 levels left

rFire   . . .      SeeInvis .   a - +4 short sword (speed)
rCold   . . .      Faith    .   e - +3 buckler
rNeg    . . .      Spirit   .   (helmet currently unavailable)
rPois   .          Reflect  .   (no amulet)
rElec   .          Harm     .   r - +6 ring of dexterity
rCorr   .          Rampage  .   s - ring of wizardry
Will    .....                   y - ring of flight
Stlth   +++++++++.              (no ring)
HPRegen 0.20/turn               (no ring)
MPRegen 0.12/turn               (no ring)
                                (no ring)
                                (no ring)

@: appendages (expiring), flying, wreathed by umbra
A: tentacle spike 3, almost no armour, amphibious, 8 rings, camouflage 1,
gelatinous body 1, (nimble swimmer 1), tentacles
a: End Transformation, Renounce Religion


You were on level 9 of the Dungeon.
You worshipped Dithmenos.
Dithmenos was aware of your devotion.
One of your tentacles had grown a beastly spike.
You visited 2 branches of the dungeon, and saw 10 of its levels.

You collected 520 gold pieces.

Inventory:

Hand Weapons
 a - a +4 short sword of speed (weapon)
 f - a +1 long sword of flaming
 k - a +2 mace of protection
 n - a +4 dagger of venom
 t - the +0 short sword of Conflict {vorpal, rPois}
   (You found it on level 6 of the Dungeon)

   It inflicts extra damage upon your enemies.
   rPois:     It protects you from poison.
 w - a +1 halberd of venom
 x - a +0 shortbow
 A - a +4 whip
 D - a +2 vampiric long sword
Missiles
 b - 24 poisoned darts
 d - 190 stones
 g - 102 arrows
 h - 3 javelins
 p - 2 curare-tipped darts
 q - 33 bolts
 u - 13 sling bullets
 B - 6 boomerangs (quivered)
Armour
 e - a +3 buckler (worn)
Jewellery
 r - a +6 ring of dexterity (left tentacle)
 s - a ring of wizardry (right tentacle)
 y - a ring of flight (on tentacle)
Wands
 j - a wand of flame (11)
 C - a wand of polymorph (4)
Scrolls
 l - 7 scrolls of identify
Potions
 c - 3 potions of attraction
 m - a potion of brilliance
 z - a potion of ambrosia
Miscellaneous
 i - a tin of tremorstones (1/2)


   Skills:
 + Level 4.4 Fighting
 + Level 7.6 Short Blades
 + Level 5.0 Throwing
 + Level 3.1 Dodging
 + Level 15.5 Stealth
 + Level 2.7 Shields
 * Level 1.1 Spellcasting
 + Level 0.3 Transmutations


You had 10 spell levels left.
You knew the following spells:

 Your Spells              Type           Power      Damage    Failure   Level
a - Beastly Appendage     Tmut           2%         N/A       11%         1

Your spell library contained the following spells:

 Spells                   Type           Power      Damage    Failure   Level
 Slow                     Hex            0%         N/A       12%         1
 Passwall                 Tmut/Erth      0%         N/A       16%         2
 Wereblood                Tmut           1%         N/A       16%         2
 Ensorcelled Hibernation  Hex/Ice        0%         N/A       17%         2
 Static Discharge         Conj/Air       0%         N/A       17%         2
 Confusing Touch          Hex            0%         N/A       32%         3
 Spider Form              Tmut/Pois      1%         N/A       32%         3
 Swiftness                Air            0%         N/A       32%         3
 Vampiric Draining        Necr           0%         2d6       32%         3
 Dispel Undead            Necr           0%         3d6       71%         4
 Passage of Golubria      Tloc           0%         N/A       71%         4
 Sticky Flame             Conj/Fire      0%         2d3       71%         4
 Silence                  Hex/Air        0%         N/A       96%         5
 Lehudib's Crystal Spear  Conj/Erth      0%         10d2      100%        8


Dungeon Overview and Level Annotations

Branches:
Dungeon (9/15)             Temple (1/1) D:5            Lair (0/6) D:9
    Orc: D:9-12

Altars:
Ashenzari
Cheibriados
Dithmenos
Elyvilon
Fedhas
Gozag
Hepliaklqana
Kikubaaqudgha
Makhleb
Nemelex Xobeh
Okawaru
Qazlal
Ru
Sif Muna
Uskayaw
Vehumet
Wu Jian
Xom
Yredelemnul
Zin
The Shining One

Shops:
D:8 *


Innate Abilities, Weirdness & Mutations

One of your tentacles has grown a beastly spike.
You cannot wear most types of armour.
You are amphibious.
You can wear up to eight rings at the same time.
Your skin changes colour to match your surroundings (Stealth+).
Your rubbery body absorbs attacks. (AC +1, EV +1)
((You are camouflaged when in or above water. (Stealth+)))
You have tentacles for arms and can constrict up to eight enemies at once.


Message History

A bullfrog is nearby!
The bullfrog gives a loud, deep croak!
You hit the bullfrog. You grab the bullfrog. You squeeze the bullfrog.
The bullfrog is heavily wounded.
You constrict the bullfrog. The bullfrog closely misses you.
You barely miss the bullfrog.
The bullfrog is heavily wounded.
You constrict the bullfrog. The bullfrog closely misses you.
You puncture the bullfrog! You squeeze the bullfrog.
The bullfrog is almost dead.
You constrict the bullfrog.
You kill the bullfrog!
Dithmenos accepts your kill.
A killer bee comes into view.
A troll comes into view.
You barely miss the troll.
The troll shouts!
You squeeze the troll!
The troll is moderately wounded.
You block the troll's attack. The troll barely misses you.
The troll closely misses you.
Casting: Beastly Appendage (safe; 11% risk of failure)
Confirm with . or Enter, or press ? or * to list all spells.
One of your tentacles grows a vicious spike.
The troll bites you! The troll misses you. The troll barely misses you.
You hit the troll.
You pierce the troll.
You squeeze the troll, but do no damage.
The troll is moderately wounded.
You hit the troll.
You pierce the troll, but do no damage.
The troll is heavily wounded.
The troll bites you! The troll claws you. The troll claws you!
Okay, then.
The tremorstone explodes into fragments!
The burst of rock shards engulfs the troll!
The burst of rock shards engulfs you!!
* * * LOW HITPOINT WARNING * * *
You hear an angry buzzing noise.
You hear a shout!
You hear an angry buzzing noise. x2; You hear a shout!
The troll bites you!
You die...

#####..............#
...................##.
......#.##............
#....#####.............
#..................#>.....
.#.#.............[.###....
.###.......##......##.....
...........####<.T.#.........
......#..###.##.@.#.....#....
......#..#...##.............
.........≈................# #
.#..≈≈...≈...).....##....##.#.
.#...≈≈..≈≈≈))................
.##...≈≈...)≈≈.#.#........#
.###....#.)≈≈.###...!.....#
.......##≈≈≈#............##
..##...≈≈≈###.....####.###


You could see a troll.

Vanquished Creatures
  An ugly thing (D:7)
  A deep elf zephyrmancer (D:8)
  2 kobold demonologists (D:8)
  Maggie (D:9)
  A komodo dragon (D:9)
  A wyvern (D:8)
  Eustachio (D:4)
  Menkaure (D:4)
  An acid dragon (D:8)
  Duvessa (D:4)
  An ice beast (D:8)
  An ogre (D:7)
  A necrophage (D:6)
  A centaur (D:8)
  A phantom (D:4)
  2 kobold brigands
  2 wyvern zombies
  4 scorpions
  6 bullfrogs
  Dowan (D:4)
  3 howler monkeys
  A centaur skeleton (D:5)
  2 hounds (D:6)
  A bullfrog zombie (D:6)
  5 orc priests
  A gnoll shaman (D:6)
  Crazy Yiuf (D:3)
  2 bullfrog skeletons
  Natasha (D:3)
  2 iguanas
  An orc wizard (D:9)
  A killer bee zombie (D:8)
  A hound zombie (D:5)
  A hound skeleton (D:4)
  Robin (D:3)
  A howler monkey zombie (D:9)
  9 gnolls
  6 adders
  An ufetubus (D:7)
  2 adder skeletons
  5 worms
  3 dart slugs
  21 orcs
  11 bats
  6 endoplasms
  8 giant cockroaches
  10 goblins
  13 hobgoblins
  18 kobolds
  8 quokkas
  7 ball pythons
  9 frilled lizards
  6 rats
199 creatures vanquished.

Vanquished Creatures (others)
  2 bushes (D:6)
  25 plants
27 creatures vanquished.

Grand Total: 226 creatures vanquished

Notes
Turn   | Place    | Note
-------+----------+-------------------------------------------
     0 | D:1      | promet the Octopode Brigand began the quest for the Orb.
     0 | D:1      | Reached XP level 1. HP: 14/14 MP: 1/1
   100 | D:1      | Reached XP level 2. HP: 19/19 MP: 2/2
   327 | D:1      | Reached skill level 6 in Stealth
   671 | D:1      | Reached XP level 3. HP: 24/24 MP: 3/3
  1481 | D:2      | Reached skill level 7 in Stealth
  1506 | D:2      | Reached XP level 4. HP: 29/29 MP: 4/4
  1652 | D:2      | Found a faded altar of an unknown god.
  2373 | D:3      | Learned a level 1 spell: Beastly Appendage
  2671 | D:3      | Noticed Natasha
  2674 | D:3      | Killed Natasha
  2675 | D:3      | Reached XP level 5. HP: 34/34 MP: 5/5
  2701 | D:3      | Noticed Robin
  2741 | D:3      | Killed Robin
  2942 | D:3      | Reached skill level 8 in Stealth
  3049 | D:3      | Reached XP level 6. HP: 39/39 MP: 6/6
  3162 | D:3      | Found a runed translucent door.
  3163 | D:3      | Noticed Crazy Yiuf
  3170 | D:3      | Killed Crazy Yiuf
  3425 | D:4      | Noticed Menkaure
  3437 | D:4      | Killed Menkaure
  3438 | D:4      | Reached skill level 9 in Stealth
  3775 | D:4      | Noticed Duvessa
  3776 | D:4      | Noticed Dowan
  3780 | D:4      | Reached XP level 7. HP: 45/45 MP: 7/7
  3781 | D:4      | Killed Dowan
  3997 | D:4      | Killed Duvessa
  3998 | D:4      | Reached skill level 10 in Stealth
  4349 | D:4      | Noticed Eustachio
  4368 | D:4      | Killed Eustachio
  4662 | D:4      | Reached XP level 8. HP: 41/51 MP: 8/8
  4813 | D:5      | Entered Level 5 of the Dungeon
  5261 | D:5      | Reached skill level 11 in Stealth
  5291 | D:5      | Reached skill level 1 in Shields
  5601 | D:5      | Found a staircase to the Ecumenical Temple.
  5649 | D:5      | Reached skill level 5 in Short Blades
  5707 | Temple   | Entered the Ecumenical Temple
  6279 | D:6      | Found a shimmering altar of Xom.
  6302 | D:6      | Identified the +0 short sword of Conflict {vorpal, rPois}
  6388 | D:6      | Reached skill level 12 in Stealth
  7207 | D:7      | Reached XP level 9. HP: 23/57 MP: 9/9
  7285 | D:7      | Noticed a cyan ugly thing
  7657 | D:7      | Killed a cyan ugly thing
  7658 | D:7      | Reached skill level 13 in Stealth
  8323 | D:8      | Found a shadowy altar of Dithmenos.
  8323 | D:8      | Found a basalt altar of Yredelemnul.
  8324 | D:8      | Found a hazy altar of Hepliaklqana.
  8340 | D:8      | Became a worshipper of Dithmenos the Shadowed
  8363 | D:8      | Noticed a kobold demonologist
  8365 | D:8      | Noticed a kobold demonologist
  8372 | D:8      | Noticed a hellwing
  8373 | D:8      | Killed a kobold demonologist
  8374 | D:8      | Reached skill level 14 in Stealth
  8385 | D:8      | Found Dixihaeta's Assorted Antiques.
  8884 | D:8      | Noticed a red devil
  8888 | D:7      | Upgraded the game from 0.28.0-49-g6dfe1f597d to
                  | 0.28.0-55-gcd9437bce4
  9022 | D:8      | Killed a kobold demonologist
  9023 | D:8      | Reached XP level 10. HP: 63/63 MP: 8/10
  9558 | D:8      | Noticed a deep elf zephyrmancer
  9561 | D:8      | Killed a deep elf zephyrmancer
  9562 | D:8      | Reached skill level 15 in Stealth
  9752 | D:9      | Reached * piety under Dithmenos
  9879 | D:9      | Noticed Maggie
  9887 | D:9      | Killed Maggie
  9935 | D:9      | Found a staircase to the Lair.
 10044 | D:9      | Reached skill level 5 in Throwing
 10044 | D:9      | Reached skill level 1 in Spellcasting
 10396 | D:9      | Mangled by a troll

Illustrated notes

Levels and vault maps discovered:
D:1:      dpeg_arrival_renting, layout_basic,
          wander_ebering_terrifying_dragon_lair
D:2:      layout_basic, chequers_ecumenical_altar_twisty
D:3:      minmay_bubble_buster, layout_basic, minmay_lizard_king,
          uniq_crazy_yiuf_cottage, uniq_natasha, uniq_robin
D:4:      layout_rooms, grunt_decor_one_mirror, uniq_duvessa, uniq_eustachio,
          uniq_menkaure
D:5:      layout_basic, temple_fountains
D:6:      layout_cave_pools, serial_park, serial_park_square1
          [serial_park_minivault_5x5_5], serial_park_square2,
          serial_park_square2
D:7:      layout_basic
D:8:      layout_cave_pools, chequers_temple_overflow_statue_of_worship,
          serial_shops, nicolae_stop_n_shop_1, guppyfry_early_elven_hall
D:9:      layout_cave_pools, david_lair_shrubbed, serial_rivers,
          chequers_serial_rivers_micro_a, chequers_serial_rivers_small_b,
          chequers_serial_rivers_micro_b, chequers_serial_rivers_room_a,
          chequers_serial_rivers_micro_e, uniq_maggie
Temple:   regret_index_temple_mists

Skill      XL: |  1  2  3  4  5  6  7  8  9 10 |
---------------+-------------------------------+-----
Stealth        | 6 7 8 9 10 12 14 15 | 15.5
Short Blades   | 3 4 5 7 |  7.6
Throwing       | 3 4 5 |  5.0
Shields        | 1 2 |  2.7
Dodging        | 2 3 |  3.1
Fighting       | 3 4 |  4.4
Spellcasting   | 1 |  1.1
Transmutations | |  0.3

Action                   |  1- 3 |  4- 6 |  7- 9 | 10-12 || total
-------------------------+-------+-------+-------+-------++-------
Melee: Dagger            |    23 |       |    87 |       ||   110
       Tentacles         |     9 |    32 |    54 |    15 ||   110
       Constrict         |    13 |    39 |    28 |     7 ||    87
       Short sword       |    36 |   151 |    85 |    54 ||   326
       Punch             |     1 |       |     2 |     2 ||     5
       Kick              |       |       |     3 |    13 ||    16
Throw: Dart              |     2 |    10 |    42 |     1 ||    55
       Stone             |     4 |     4 |       |       ||     8
       Boomerang         |       |       |     2 |    23 ||    25
 Cast: Beastly Appendage |       |       |     1 |     6 ||     7
Evoke: Wand              |       |       |       |     1 ||     1
       Tin of tremorston |       |       |       |     1 ||     1
  Use: Potion            |     3 |     1 |     7 |     1 ||    12
       Scroll            |     4 |     4 |     9 |     2 ||    19
 Stab: Sleeping          |    17 |    23 |    19 |     4 ||    63
       Distracted        |       |       |     1 |       ||     1
       Invisible         |       |       |       |     2 ||     2
Armor: Skin              |     6 |     7 |     7 |       ||    20
Dodge: Dodged            |    20 |    50 |    68 |    19 ||   157
Block: Buckler           |     2 |    16 |    41 |     9 ||    68
